 Dungeon Crawl Stone Soup version 0.22-a0-587-g7d32d7c7ae (webtiles) character file.

6258 Hibernaculum the Grappler (level 10, -7/88 HPs)
             Began as a Troll Monk on July 4, 2018.
             Was an Elder of Okawaru.
             Mangled by an unseen horror (12 damage)
             ... on level 10 of the Dungeon.
             The game lasted 00:11:50 (8520 turns).

Hibernaculum the Grappler (Troll Monk)              Turns: 8520, Time: 00:11:50

Health: -7/88      AC:  6    Str: 21    XL:     10   Next: 62%
Magic:  9/9        EV: 11    Int:  6    God:    Okawaru [****..]
Gold:   567        SH: 10    Dex: 15    Spells: 9/9 levels left

rFire    . . .     SeeInvis .     - Unarmed
rCold    . . .     Gourm    +   C - +0 shield
rNeg     . . .     Faith    .   a - +0 robe
rPois    +         Spirit   .   (helmet restricted)
rElec    .         Reflect  .   v - +0 cloak
rCorr    .         Harm     .   (gloves unavailable)
MR       .....                  (boots unavailable)
Stlth    ++........             (no amulet)
HPRegen  0.64/turn              N - +2 ring of slaying
MPRegen  0.11/turn              q - ring of poison resistance

@: no status effects
A: large, unfitting armour, claws 3, fast metabolism 3, gourmand, regeneration
1, shaggy fur 1, tough skin 2
a: Heroism, Renounce Religion


You were on level 10 of the Dungeon.
You worshipped Okawaru.
Okawaru was greatly pleased with you.
You were completely stuffed.

You visited 2 branches of the dungeon, and saw 11 of its levels.

You collected 567 gold pieces.

Inventory:

Missiles
 u - 24 tomahawks
 B - 7 tomahawks of returning
 F - 2 throwing nets
 L - 4 large rocks (quivered)
Armour
 a - a +0 robe (worn)
 v - a +0 cloak (worn)
 C - a +0 shield (worn)
Jewellery
 p - an uncursed ring of protection from magic
 q - a ring of poison resistance (right claw)
 N - a +2 ring of slaying (left claw)
Wands
 i - a wand of polymorph (10)
 y - a wand of paralysis (15)
 M - a wand of acid (8)
 P - a wand of random effects (27)
Scrolls
 c - 4 scrolls of enchant weapon {unknown}
 d - a scroll of random uselessness {unknown}
 e - 7 scrolls of remove curse {unknown}
 j - 6 scrolls of identify {unknown}
 l - 3 scrolls of fear {unknown}
 m - 3 scrolls of magic mapping {unknown}
 n - 5 scrolls of teleportation {unknown}
 s - 3 scrolls of enchant armour {unknown}
 t - 3 scrolls of fog {unknown}
 z - a scroll of blinking {unknown}
 A - 2 scrolls of immolation {unknown}
 E - a scroll of vulnerability {unknown}
 I - a scroll of noise {unknown}
 K - a scroll of amnesia {unknown}
Potions
 f - a potion of cancellation {unknown}
 g - 3 potions of haste {unknown}
 h - 3 potions of agility {unknown}
 k - 3 potions of lignification {unknown}
 o - 2 potions of brilliance {unknown}
 r - a potion of mutation {unknown}
 w - a potion of ambrosia {unknown}
 x - a potion of flight {unknown}
 D - a potion of degeneration {unknown}
 G - a potion of berserk rage {unknown}
 H - a potion of invisibility {unknown}
 J - 3 potions of curing {unknown}
Miscellaneous
 Q - a fan of gales
Comestibles
 b - 17 rations
 O - 4 chunks of flesh


   Skills:
 - Level 2.4 Fighting
 + Level 8.4 Throwing
 - Level 2.1 Armour
 + Level 4.6 Dodging
 - Level 1.0 Stealth
 - Level 6.0 Shields
 - Level 10.1 Unarmed Combat


You had 9 spell levels left.
You didn't know any spells.
Your spell library contained the following spells:

 Spells                   Type           Power        Failure   Level  Hunger
 Spider Form              Tmut/Pois      #.........   96%         3    ####...
 Blade Hands              Tmut           #.........   100%        5    ######.
 Ice Form                 Ice/Tmut       #.......     100%        4    #####..
 Sticks to Snakes         Tmut           #.......     82%         2    ###....
 Beastly Appendage        Tmut           #.....       67%         1    ##.....


Dungeon Overview and Level Annotations

Branches:
Dungeon (10/15)            Temple (1/1) D:5             Orc (0/2) D:10
   Lair: D:8-11

Altars:
Ashenzari
Cheibriados
Dithmenos
Fedhas
Gozag
Hepliaklqana
Kikubaaqudgha
Makhleb
Nemelex Xobeh
Okawaru
Qazlal
Ru
Sif Muna
Trog
Vehumet
Wu Jian
Xom
Yredelemnul
The Shining One

Shops:
D:7 (


Innate Abilities, Weirdness & Mutations

You are too large for most types of armour.
You have claws for hands.
Your metabolism is lightning-fast.
You like to eat raw meat.
Your natural rate of healing is unusually fast.
You are covered in fur. (AC +1)
You have very tough skin. (AC +2)


Message History

You claw something! You block something's attack. Something hits you!
You scratch something.
Something hits you. x2; You block the warg's attack.
You barely miss something. Something hits you! You block the warg's attack.
You completely miss something. Something hits you.
* * * LOW HITPOINT WARNING * * *
You block the warg's attack.
You miss something. Something hits you.
* * * LOW HITPOINT WARNING * * *
You block the warg's attack.
You claw the warg!
The warg is heavily wounded.
Something hits you.
* * * LOW HITPOINT WARNING * * *
You block the warg's attack.
You closely miss the warg.
The warg is heavily wounded.
Something hits you!
* * * LOW HITPOINT WARNING * * *
Something hits you!
You die...

...........
#############...#.... ..........
#...............#.... .........#
#.................... .........#
#.................... ........)#
#..............#..... ...?.....#
#..............#..### ......)..#
#............).#...#
.....[...####..h...........'...#
...........)))..@..........##..#
...........)..###############(.#
..............####
###########'##
..####...........#
#.........†... .. #...........#
#...)......... . #...........#
#............. ########....#
#............. #....#
#............> #....#
#.............


You could see a warg.

Vanquished Creatures
  Pikel (D:5)
  An ugly thing (D:10)
  Prince Ribbit (D:5)
  Grinder (D:3)
  5 yaks (D:10)
  Menkaure (D:4)
  A steam dragon (D:8)
  A warg (D:10)
  A water moccasin (D:6)
  Duvessa (D:7)
  5 orc warriors
  3 slaves (D:5)
  3 sky beasts (D:8)
  2 phantoms
  2 centaurs
  5 ogres
  2 bullfrogs
  Dowan (D:7)
  A scorpion (D:5)
  3 wights (D:10)
  4 howler monkeys
  3 crimson imps
  2 centaur zombies (D:6)
  2 bullfrog zombies (D:6)
  5 hounds
  7 orc wizards
  A centaur skeleton (D:9)
  8 orc priests
  A bullfrog skeleton (D:6)
  2 iguanas (D:6)
  2 jellies
  Natasha (thrice) (D:3)
  12 worker ants
  A killer bee zombie (D:8)
  A hound skeleton (D:4)
  2 hound zombies (D:6)
  A howler monkey zombie (D:6)
  2 worker ant zombies
  7 gnolls
  10 adders
  2 shadow imps
  An ooze (D:6)
  2 adder zombies
  A worm (D:2)
  3 dart slugs
  2 leopard geckos
  28 orcs
  5 giant cockroaches
  8 goblins
  11 hobgoblins
  8 jackals
  4 quokkas
  4 ball pythons
  5 bats
  5 frilled lizards
  4 kobolds
  A leopard gecko skeleton (D:4)
  A quokka skeleton (D:6)
  2 quokka zombies (D:6)
  6 rats
220 creatures vanquished.

Vanquished Creatures (others)
  A slave (D:7)
  A bullfrog skeleton (D:7)
  2 orcs (D:7)
4 creatures vanquished.

Grand Total: 224 creatures vanquished

Notes
Turn   | Place    | Note
-------+----------+-------------------------------------------
     0 | D:1      | Hibernaculum the Troll Monk began the quest for the Orb.
     0 | D:1      | Reached XP level 1. HP: 22/22 MP: 0/0
    91 | D:1      | Reached XP level 2. HP: 28/29 MP: 1/1
   576 | D:1      | Reached skill level 4 in Unarmed Combat
   920 | D:2      | Reached XP level 3. HP: 36/36 MP: 2/2
  1129 | D:2      | Reached XP level 4. HP: 44/44 MP: 3/3
  1286 | D:2      | You fall through a shaft!
  1292 | D:3      | Reached skill level 5 in Unarmed Combat
  1557 | D:3      | Noticed Natasha
  1562 | D:3      | Killed Natasha
  1679 | D:3      | Noticed Grinder
  1697 | D:3      | Killed Grinder
  1697 | D:3      | Reached skill level 1 in Throwing
  1697 | D:3      | Reached skill level 6 in Unarmed Combat
  1697 | D:3      | Reached XP level 5. HP: 26/50 MP: 4/4
  1697 | D:3      | Reached XP level 6. HP: 31/59 MP: 5/5
  1821 | D:3      | Noticed Natasha
  1834 | D:3      | Killed Natasha
  2176 | D:3      | Noticed Natasha
  2183 | D:3      | Killed Natasha
  2269 | D:3      | Reached skill level 7 in Unarmed Combat
  2545 | D:4      | Noticed Menkaure
  2550 | D:4      | Killed Menkaure
  2550 | D:4      | Reached XP level 7. HP: 28/66 MP: 6/6
  2908 | D:4      | Reached skill level 8 in Unarmed Combat
  3360 | D:5      | Entered Level 5 of the Dungeon
  3646 | D:5      | Noticed Pikel
  3672 | D:5      | Killed Pikel
  3672 | D:5      | Reached skill level 9 in Unarmed Combat
  3672 | D:5      | Reached XP level 8. HP: 31/74 MP: 7/7
  3881 | D:4      | Found a hazy altar of Hepliaklqana.
  4045 | D:5      | Found a blossoming altar of Fedhas.
  4046 | D:5      | Noticed Prince Ribbit
  4050 | D:5      | Killed Prince Ribbit
  4050 | D:5      | Reached skill level 5 in Throwing
  4050 | D:5      | Reached skill level 10 in Unarmed Combat
  4283 | D:5      | Found a staircase to the Ecumenical Temple.
  4319 | Temple   | Entered the Ecumenical Temple
  4336 | Temple   | Became a worshipper of Warmaster Okawaru
  4336 | Temple   | Reached * piety under Okawaru
  4336 | Temple   | Reached ** piety under Okawaru
  4418 | D:6      | Found a glowing golden altar of the Shining One.
  4435 | D:6      | Reached skill level 1 in Shields
  4458 | D:6      | Reached XP level 9. HP: 31/80 MP: 8/8
  4655 | D:6      | Found a stormy altar of Qazlal.
  4659 | D:6      | Found an ornate altar of the Wu Jian Council.
  4746 | D:6      | Found an opulent altar of Gozag.
  5009 | D:6      | Found a sparkling altar of Nemelex Xobeh.
  5010 | D:6      | Found a shadowy altar of Dithmenos.
  5032 | D:6      | Found a shattered altar of Ashenzari.
  5321 | D:7      | You fall through a shaft!
  5333 | D:8      | Reached *** piety under Okawaru
  5583 | D:7      | Noticed Duvessa
  5585 | D:7      | Noticed Dowan
  5591 | D:7      | Killed Duvessa
  5595 | D:7      | Killed Dowan
  5673 | D:7      | Found a stormy altar of Qazlal.
  6038 | D:7      | Found Vauqiog's Antique Weapon Boutique.
  6328 | D:8      | Reached skill level 5 in Shields
  6706 | D:8      | Found a bloodstained altar of Trog.
  6780 | D:8      | Reached **** piety under Okawaru
  6780 | D:8      | Reached XP level 10. HP: 73/88 MP: 9/9
  7188 | D:9      | Found a burning altar of Makhleb.
  7438 | D:9      | Reached skill level 1 in Armour
  7956 | D:10     | Entered Level 10 of the Dungeon
  8120 | D:10     | Noticed a purple ugly thing
  8126 | D:10     | Killed a purple ugly thing
  8126 | D:10     | Received a gift from Okawaru
  8491 | D:10     | Found a staircase to the Orcish Mines.
  8520 | D:10     | Mangled by an unseen horror

Vault maps used:
D:1:      lemuel_arrival_behind_the_door_large
D:3:      first_ration, minivault_4, uniq_grinder, uniq_natasha
D:4:      lemuel_upstairs_altar, uniq_menkaure
D:5:      fedhas_altar_2, minmay_temple_entry_nine_rooms, minivault_19,
          uniq_prince_ribbit1, uniq_pikel
D:6:      nicolae_gozag_cash_rules_everything_around_me,
          nicolae_overflow_hidden_temple, overflow_temple_1_default,
          serial_undead, serial_undead_b, serial_undead_d, serial_undead_a,
          serial_undead_c, serial_undead_a, serial_undead_f,
          hangedman_decor_clover_reticule
D:7:      serial_shops, shop, minivault_27, grunt_qazlal_clouds, uniq_duvessa
D:8:      kennysheep_ambush_hall, basic_altar
D:9:      bloody_makhleb
D:10:     lair_entry_dummy, minmay_orc_entry_guard_dogs
Temple:   cyrus_circular_temple

Skill      XL: |  1  2  3  4  5  6  7  8  9 10 |
---------------+-------------------------------+-----
Unarmed Combat | 4 6 7 9 10 | 10.1
Throwing       | 1 3 4 5 6 8 |  8.4
Shields        | 1 5 6 |  6.0
Dodging        | 3 4 |  4.6
Armour         | 2 |  2.1
Fighting       | |  2.4
Stealth        | |  1.0

Action                   |  1- 3 |  4- 6 |  7- 9 | 10-12 || total
-------------------------+-------+-------+-------+-------++-------
Melee: Unarmed           |    86 |   105 |   342 |   144 ||   677
       Punch             |     2 |     3 |     5 |       ||    10
Throw: Large rock        |       |       |       |     3 ||     3
 Stab: Sleeping          |     1 |       |     2 |     1 ||     4
       Distracted        |       |       |     2 |       ||     2
  Eat: Chunk             |    16 |    12 |    39 |    16 ||    83
Armor: Robe              |    30 |    13 |    67 |    17 ||   127
Dodge: Dodged            |    43 |    56 |   114 |    32 ||   245
Block: Shield            |       |       |    58 |    59 ||   117

Table legend:
 A = Spawn XP
 B = Non-spawn XP
 C = Spawn XP percentage of total XP
 D = Spawn monster count
 E = Non-spawn monster count
 F = Spawn count percentage of total count
 G = Total turns spent on level
                    A         B        C        D         E        F      G
               +---------+---------+-------+---------+---------+-------+---------
         Total |       0 |    8940 |   0.0 |       0 |     217 |   0.0 |  8520
               +---------+---------+-------+---------+---------+-------+---------
           D:1 |       0 |      39 |   0.0 |       0 |      23 |   0.0 |   891
           D:2 |       0 |      62 |   0.0 |       0 |      19 |   0.0 |   475
           D:3 |       0 |     553 |   0.0 |       0 |      23 |   0.0 |   904
           D:4 |       0 |     689 |   0.0 |       0 |      26 |   0.0 |  1139
           D:5 |       0 |    1179 |   0.0 |       0 |      17 |   0.0 |  1044
           D:6 |       0 |    1152 |   0.0 |       0 |      38 |   0.0 |   601
           D:7 |       0 |     708 |   0.0 |       0 |      11 |   0.0 |  1160
           D:8 |       0 |    1409 |   0.0 |       0 |      19 |   0.0 |   916
           D:9 |       0 |     722 |   0.0 |       0 |      15 |   0.0 |   800
          D:10 |       0 |    2427 |   0.0 |       0 |      26 |   0.0 |   564
               +---------+---------+-------+---------+---------+-------+---------
